 Dungeon Crawl Stone Soup version 0.19-a0-1019-g9c6a58d (webtiles) character file.

961 4thArraOfDagon the Carver (level 7, -20/76 HPs)
             Began as a Centaur Abyssal Knight on July 25, 2016.
             Was a Believer of Lugonu.
             Demolished by an ogre
             ... wielding a +0 giant spiked club
              (22 damage)
             ... on level 3 of the Dungeon.
             The game lasted 00:15:31 (3436 turns).

4thArraOfDagon the Carver (Centaur Abyssal Knight)  Turns: 3436, Time: 00:15:32

Health: -20/76     AC: 10    Str: 17    XL:     7   Next: 92%
Magic:  9/9        EV:  7    Int: 12    God:    Lugonu [**....]
Gold:   308        SH:  0    Dex:  8    Spells: 0 memorised, 6 levels left

rFire  . . .     SeeInvis .     a - +1 falchion
rCold  . . .     Gourm    .     x - +0 scale mail (curse)
rNeg   . . .     Faith    .     (no shield)
rPois  +         Spirit   .     (no helmet)
rElec  .         Dismiss  .     (no cloak)
rCorr  .         Reflect  .     (no gloves)
SustAt .         Harm     +     (no barding)
MR     .....                    q - amulet of harm
Stlth  ..........               k - -3 ring of strength
                                e - ring of poison resistance

@: berserking (expiring), very quick, not resistant to hostile enchantments,
extremely unstealthy
A: hooves 3, rough black scales 1, deformed body, speed 2, frail 1, tough skin 3
a: Depart the Abyss, Bend Space, Renounce Religion


You were on level 3 of the Dungeon.
You worshipped Lugonu.
Lugonu was pleased with you.
You were not hungry.

You visited 1 branch of the dungeon, and saw 9 of its levels.
You visited the Abyss 1 time.

You collected 308 gold pieces.

Inventory:

Hand Weapons
 a - a +1 falchion (weapon)
 r - a +1 dagger of holy wrath
 w - a +1 quarterstaff of crushing
Missiles
 j - 3 javelins (quivered)
 l - a throwing net
Armour
 b - a +0 leather armour
 d - a +0 ring mail
 g - a +0 scale mail
 x - a cursed +0 scale mail (worn)
Jewellery
 e - a ring of poison resistance (left hand)
 f - an uncursed ring of flight
 k - a -3 ring of strength (right hand)
 q - an amulet of harm (around neck)
Wands
 t - a wand of acid (7/15)
Scrolls
 h - a scroll of immolation {unknown}
 m - 5 scrolls of remove curse
 n - a scroll of fog
 u - a scroll of teleportation {unknown}
 v - a scroll of enchant armour {unknown}
 y - 2 scrolls of magic mapping {unknown}
 A - a scroll of random uselessness {unknown}
 B - 2 scrolls of recharging
Potions
 s - a potion of cure mutation {unknown}
 D - a potion of might
Comestibles
 c - 6 bread rations
 o - 2 meat rations
 C - a chunk of flesh


   Skills:
 + Level 3.5 Fighting
 * Level 11.5 Long Blades
 + Level 1.9 Armour
 + Level 1.6 Dodging
 + Level 3.0 Invocations


You had 6 spell levels left.
You didn't know any spells.

Dungeon Overview and Level Annotations

Branches:
Dungeon (9/15)             Temple (0/1) D:5            Lair (0/6) D:8
    Orc: D:9-12

Altars:

Annotations:
D:3 confidenceinterval's ghost, amateur HOSu
D:6 Grinder; Menkaure


Innate Abilities, Weirdness & Mutations

You have hooves in place of feet.
Armour fits poorly on your strangely shaped body.
You cover ground very quickly.
You have extremely tough skin. (AC +3)
You are partially covered in rough black scales. (AC +4, Dex -1)
You are frail. (-10% HP)


Message History

You slash Natasha!
You kill Natasha!
Lugonu accepts your kill.
Natasha yowls pathetically as she dies!
The crimson imp disappears in a puff of smoke!
The white imp disappears in a puff of smoke!
Confidenceinterval's ghost hits you but does no damage.
You see here the felid corpse of Natasha.
Unknown command.
You feel a strong urge to attack something.
Unknown command.
The giant gecko hisses angrily.
Unknown command.
You hit the ogre.
The ogre is moderately wounded.
Unknown command.
You slash the ogre! Your kick misses the ogre.
The ogre is almost dead.
The ogre hits you with a giant spiked club!!
You die...

########### ###########
........## #........>#
##.......## #..>......#
#.........####.........#
#.....r.....##@O.......#
#.........#.W.....o....#
#>........####l........#
###.........# #.........#
.##........r# ##.........#
....<.......# #.l........#
..#......>..###......)...####
............##..#####.......#
............#W.## #.......#


You could see an ogre, confidenceinterval's ghost, an orc and 2 giant geckos.

Vanquished Creatures
  A centaur (D:5)
  2 giant frogs (D:6)
  A wyvern skeleton (D:7)
  2 howler monkeys (D:5)
  2 crimson imps
  A quasit (D:8)
  A centaur zombie (D:8)
  A giant frog zombie (D:9)
  A hound (D:4)
  A centaur skeleton (D:5)
  An orc priest (D:5)
  Natasha (twice) (D:3)
  4 worker ants
  5 adders
  A gnoll (D:6)
  An ooze (D:1)
  An adder zombie (D:6)
  2 worms
  4 giant geckos
  5 orcs
  A giant cockroach (D:2)
  10 goblins
  7 hobgoblins
  3 jackals (D:4)
  2 quokkas
  2 ball pythons
  3 bats
  3 giant newts
  4 kobolds
  A quokka zombie (D:5)
  6 rats
81 creatures vanquished.

Notes
Turn   | Place    | Note
-------+----------+-------------------------------------------
     0 | Abyss:1  | 4thArraOfDagon the Centaur Abyssal Knight began the quest for the Orb.
     0 | Abyss:1  | Reached XP level 1. HP: 19/19 MP: 2/2
    40 | Abyss:1  | Found a shadowy altar of Dithmenos.
    42 | Abyss:1  | Noticed a ynoxinul
    62 | Abyss:1  | Noticed a small abomination
    63 | Abyss:1  | Noticed a raiju
    79 | Abyss:1  | Noticed a jelly
    99 | Abyss:1  | Noticed a neqoxec
   102 | Abyss:1  | Gained mutation: You are frail. (-10% HP) [a neqoxec]
   103 | Abyss:1  | Gained mutation: You are partially covered in rough black scales. (AC +4, Dex -1) [a neqoxec]
   110 | Abyss:1  | Noticed a freezing wraith
   149 | Abyss:1  | Noticed a starcursed mass
   178 | Abyss:1  | Noticed a shadow
   196 | Abyss:1  | Noticed a worldbinder
   197 | Abyss:1  | Noticed a swamp drake
   197 | Abyss:1  | Noticed a vampire mosquito
   198 | D:1      | Escaped the Abyss
   238 | D:1      | Reached skill level 2 in Long Blades
   276 | D:1      | Reached XP level 2. HP: 16/23 MP: 3/3
   398 | D:3      | Reached * piety under Lugonu
   415 | D:3      | Noticed Natasha
   640 | D:2      | Reached skill level 3 in Long Blades
   660 | D:2      | Reached XP level 3. HP: 20/27 MP: 4/4
   939 | D:3      | Noticed confidenceinterval's ghost (amateur HOSu)
   975 | D:4      | Noticed an ogre
  1081 | D:5      | Entered Level 5 of the Dungeon
  1103 | D:5      | You fall through a shaft for 2 floors!
  1139 | D:8      | Found a staircase to the Lair.
  1139 | D:8      | Noticed a hell hound
  1158 | D:8      | Reached skill level 4 in Long Blades
  1158 | D:8      | Reached XP level 4. HP: 34/34 MP: 5/5
  1239 | D:8      | Reached skill level 11 in Long Blades
  1239 | D:8      | Reached XP level 5. HP: 33/40 MP: 6/6
  1258 | D:8      | Turgon: WHAT!
  1281 | D:8      | Turgon: early pot exp!
  1309 | D:8      | Turgon: Did you get it in abyss?
  1412 | D:8      | Reached XP level 6. HP: 42/45 MP: 7/7
  1520 | D:9      | Reached skill level 1 in Dodging
  1534 | D:9      | Noticed a wyvern
  1574 | D:8      | 4thArraOfDagon: yea
  1585 | D:8      | Noticed a hell hound
  1590 | D:7      | Noticed a sky beast
  1629 | D:7      | Noticed a spriggan baker
  1785 | D:5      | Noticed an ice beast
  1842 | D:6      | Noticed Grinder
  1921 | D:5      | Found a staircase to the Ecumenical Temple.
  1963 | D:4      | Reached XP level 7. HP: 27/51 MP: 8/8
  2004 | D:3      | Reached ** piety under Lugonu
  2325 | D:3      | Killed Natasha
  2530 | D:3      | Noticed Natasha
  3011 | D:6      | Noticed Menkaure
  3417 | D:3      | HP: 1/51 [confidenceinterval's ghost (3)]
  3430 | D:3      | HP: 1/76 [confidenceinterval's ghost (6)]
  3431 | D:3      | Killed Natasha
  3436 | D:3      | Demolished by an ogre

Vault maps used:
D:1:      lightli_arrival_quake
D:3:      minivault_26, uniq_natasha
D:4:      elyvilon_altar_3, uniq_eustachio
D:5:      first_bread, minmay_misc_feat_diagonals, nicolae_tso_carved_into_rock
D:6:      uniq_grinder, uniq_menkaure
D:7:      the_bakery, kennysheep_okawaru_gauntlet
D:8:      nicolae_ru_path_of_blood, minmay_lair_entry_lava, trog_butcher_becter

Skill      XL: |  1  2  3  4  5  6  7 |
---------------+----------------------+-----
Long Blades    | 2 3 4 11 | 11.5
Dodging        | 1 |  1.6
Invocations    | 3 |  3.0
Fighting       | |  3.5
Armour         | |  1.9

Action                   |  1- 3 |  4- 6 |  7- 9 || total
-------------------------+-------+-------+-------++-------
Melee: Falchion          |   127 |    96 |   187 ||   410
       Kick              |    20 |    25 |    26 ||    71
       Dagger            |       |    30 |       ||    30
Throw: Javelin           |       |     3 |       ||     3
Invok: Depart the Abyss  |     1 |       |       ||     1
  Use: Scroll            |     3 |     2 |     1 ||     6
       Potion            |     3 |     4 |     3 ||    10
 Stab: Invisible         |       |     1 |       ||     1
  Eat: Chunk             |       |     3 |     5 ||     8
Armor: Leather armour    |     2 |       |       ||     2
       Ring mail         |     5 |       |       ||     5
       Scale mail        |    59 |    75 |   102 ||   236
Dodge: Dodged            |    41 |    42 |    62 ||   145
